[Event "Israel-ch Youth U8-18 2024"]
[Site "Kfar Saba"]
[Date "2024.04.17"]
[Round "3.5"]
[White "Leib, Yoni"]
[Black "Beitner, Yehonatan"]
[Result "0-1"]
[ECO "A06"]
[WhiteElo "1972"]
[BlackElo "1877"]
[Annotator "TA"]
[PlyCount "102"]
[EventDate "2024.04.10"]
[EventType "swiss"]
[EventCountry "ISR"]
[SourceTitle "playchess.com"]
[Source "ChessBase"]
[SourceQuality "1"]
[TimeControl "5400+30"]

1. Nf3 Nf6 2. b3 d5 3. e3 Bf5 4. h3 h6 5. Bb2 e6 6. d4 Bd6 7. Bd3 Ne4 8. O-O {[%emt 0:02:03] The position is equal.} Nd7 9. c4 c6 10. Qc2 Bh7 11. Nfd2 f5 12. Nc3 O-O 13. Ne2 Qh4 14. f4 g5 15. Nf3 Qh5 16. Bxe4 fxe4 17. Ne5 Nf6 {[%emt 0:01:56] [#]} 18. f5 exf5 19. Ng3 {[%emt 0:00:13] A dynamic duo of knights.} Qh4 20. Nxf5 Bxf5 21. Rxf5 Nh5 $36 {[%emt 0:03:49][%mdl 2048] White is under pressure.} (21... g4 {simplifies} 22. Qf2 Qxf2+ 23. Rxf2 gxh3 24. gxh3 Nh5) 22. Raf1 {[%emt 0:05:21] Now White is beyond hope.} (22. Rxf8+ $11 {and White has nothing to worry.} Rxf8 23. Rf1 (23. Ng6 $2 Qg3 $19)) 22... Rxf5 $19 23. Rxf5 {[%emt 0:00:03] [#] Bc3 would now be deadly.} Qe1+ 24. Kh2 (24. Rf1 $142 Qxe3+ 25. Qf2 Qxf2+ 26. Rxf2) 24... Qg3+ 25. Kh1 $2 (25. Kg1 {was the only chance.} Qxe3+ 26. Qf2 Qxf2+ 27. Rxf2) 25... Qxe3 {[%emt 0:00:08] Hoping for ...Ng3+.} 26. Rf2 Bxe5 27. dxe5 d4 (27... Rf8 $142 28. Rxf8+ Kxf8 29. Ba3+ (29. cxd5 $2 Ng3+ 30. Kh2 Ne2 $19) 29... Ke8 30. cxd5 Ng3+ (30... cxd5 $2 31. Qc8+ Kf7 32. Qf8+ Kg6 33. Qe8+ Kf5 34. Qxh5 $18) 31. Kh2 Ne2 (31... cxd5 $2 32. Qc8+ Kf7 33. e6+ Kf6 34. Bb2+ d4 35. Bxd4+ Qxd4 36. Qh8+ Kxe6 37. Qxd4 $18)) 28. c5 {[%emt 0:02:05] Strongly threatening Qc4+.} Rd8 29. e6 {[%emt 0:02:01] e7 would kill now.} Qd3 30. e7 Re8 31. Rf8+ Rxf8 32. exf8=Q+ Kxf8 {[%emt 0:00:00][%mdl 4096] Endgame. KQB-KQN} 33. Qf2+ Nf4 34. Bxd4 Qe2 35. Qg1 Nd3 36. Bc3 $2 (36. Qh2 Qd1+ (36... Qxa2 37. Qd6+ Ke8 38. Qe6+ Kf8 39. Qc8+ Ke7 40. Qxb7+ Ke8 41. Qxc6+ Kf8 42. Qc8+ Ke7 43. Qc7+ Ke8 44. Bf6) 37. Qg1) 36... Qf2 ({Stronger than} 36... Qxa2 37. Qd4 Qxb3 38. Qd8+ Kf7 39. Qc7+ Ke8 40. Qb8+ Kf7 41. Qc7+ Ke8 42. Qc8+ Ke7 43. Qc7+ Ke8 $11) (36... g4 $142 {( -> ...g3)} 37. Kh2 gxh3 (37... Qxa2 38. Qd4 $11)) 37. Qd1 Qxc5 ({Weaker is} 37... Nxc5 38. Qd6+ Ke8 39. Be5 $11 (39. Qxh6 $2 {perishes.} Qf1+ 40. Kh2 Qf4+ 41. Kg1 Qc1+ 42. Kh2 Qxc3 $19)) 38. Qf1+ Qf2 39. Qd1 (39. Qxf2+ {was called for.} Nxf2+ 40. Kh2) 39... Qf4 40. Qa1 $2 (40. Bd4) 40... Qc1+ 41. Qxc1 Nxc1 {[%emt 0:00:00] KB-KN} 42. Bd2 Ne2 43. h4 $2 (43. g4 {keeps fighting.}) 43... gxh4 44. Bxh6+ Kf7 45. Bg5 Ng3+ 46. Kh2 Nf5 47. Kh3 e3 48. Kg4 Kg6 49. b4 e2 50. Bd2 Nd4 51. Kxh4 Nc2 {[%emt 0:00:00] Weighted Error Value: White=0.60/Black=0.37.  Loses game:     	White=1     	---        Mistake:       	White=7     	Black=2      Inaccurate:     	White=4     	Black=6      OK:         	White=10    	Black=16     Best:        	White=4     	Black=2} 0-1

[Event "Israel-ch Youth U8-18 2024"]
[Site "Kfar Saba"]
[Date "2024.04.17"]
[Round "3.6"]
[White "Abitbul, Matan"]
[Black "Uritsky, Yonathan"]
[Result "1-0"]
[ECO "B12"]
[WhiteElo "1916"]
[BlackElo "2231"]
[Annotator "TA"]
[PlyCount "99"]
[EventDate "2024.04.10"]
[EventType "swiss"]
[EventCountry "ISR"]
[SourceTitle "playchess.com"]
[Source "ChessBase"]
[SourceQuality "1"]
[TimeControl "5400+30"]

1. e4 c6 2. d4 d5 3. e5 Bf5 4. Nd2 e6 5. Nb3 Nd7 6. Nf3 h6 7. Be2 Ne7 8. O-O g5 {[%emt 0:00:11] The position is equal.} 9. a4 Bg7 10. a5 O-O 11. c3 f6 12. exf6 Bxf6 13. Ne1 Bh7 14. f4 Nf5 15. Nd3 Qe7 16. Re1 b6 17. Bf3 Qd6 18. Qe2 Rae8 19. Ne5 Re7 20. axb6 axb6 21. Ra6 {[%emt 0:00:33] White is more active.} Bxe5 (21... Qc7 $142) 22. dxe5 $16 (22. fxe5 $6 Qc7 $14) 22... Qc7 23. fxg5 hxg5 24. Bxg5 Rg7 25. h4 Ng3 26. Qe3 Nf5 {[%emt 0:05:21] Inhibits Nd4.} (26... Be4 $16 {might work better.}) 27. Qe2 $2 (27. Qf4 $18) 27... Ng3 $1 $11 28. Qe3 {[%emt 0:01:02] [#] aiming for Nd4.} Ne4 $2 {[%emt 0:01:12] White leaves nothing to chance now.} (28... Nf5 $1 $11 {and Black has nothing to worry.} 29. Qf4 c5) 29. Bxe4 $18 Bxe4 30. Nd4 Nc5 (30... Qxe5 $16 31. Qh3 (31. Nxc6 Qd6 $16) 31... Re8) 31. Raa1 {[%emt 0:00:52][%cal Ba6a1,Ba1f1,Bf1f6,Bf6h6][%mdl 32] And now b4 would win.} Qxe5 32. Rf1 (32. Nxc6 $6 Qd6 $16) 32... Rxf1+ 33. Rxf1 Qd6 34. Rf6 {[%emt 0:03:03] [#] Strongly threatening b4.} Ra7 (34... Rg6 {was called for.} 35. Rxg6+ Bxg6) 35. Bf4 Qd8 (35... Qd7 36. Qg3+ Qg7) 36. Rh6 (36. Nxc6 $2 Ra1+ (36... Qxf6 37. Nxa7 Qxh4 38. b4 $11) 37. Kh2 Qxf6 $19) 36... Rg7 37. Bg5 (37. Nxc6 $2 Rxg2+ 38. Kf1 Qa8 $19) 37... Qa8 (37... Qe8 $142 38. Bf6 Rxg2+ 39. Kf1 Rg6 40. Rh8+ Kf7) 38. b4 Nd3 39. Nxe6 Qa1+ 40. Kh2 {[%emt 0:00:33][%cal Bg1h2,Bh2h3,Bh3g4][%mdl 32] Threatening mate with Qg3.} Ne5 41. Qg3 {[%emt 0:02:11] Against Ng4+} Qb2 42. Rf6 (42. Qxe5 $2 Qxg2#) 42... Bxg2 43. Rf8+ (43. Qxe5 {gets mated.} Be4+) (43. Qxg2 Ng4+ 44. Kh3 Qxg2+ 45. Kxg2 Nxf6 $16) (43. Nxg7 Bf3+ 44. Kh3 (44. Kg1 Qb1+) 44... Bg4+ $17 (44... Qxc3 $2 {loses.} 45. Ne8 $18) (44... Qxc3 $2 45. Ne8 $18)) 43... Kh7 44. Qxg2 Ng4+ 45. Kh3 Qxc3+ 46. Kxg4 Rg6 47. Rf7+ Kg8 48. Rf8+ Kh7 49. Nf4 Qxb4 50. Qc2 {[%emt 0:00:26] Weighted Error Value: White=0.41/Black=0.55.  Loses game:     	---       	Black=1      Missed win:     	White=1     	---        Mistake:       	---       	Black=6      Inaccurate:     	White=1     	Black=1      OK:         	White=15    	Black=11     Best:        	White=2     	---        Strong:       	---       	Black=1} 1-0

[Event "Israel-ch Youth U8-18 2024"]
[Site "Kfar Saba"]
[Date "2024.04.17"]
[Round "3.7"]
[White "Berlad, Asaf"]
[Black "Birka, Elia"]
[Result "1/2-1/2"]
[ECO "B14"]
[WhiteElo "1900"]
[BlackElo "1954"]
[Annotator "TA"]
[PlyCount "86"]
[EventDate "2024.04.10"]
[EventType "swiss"]
[EventCountry "ISR"]
[SourceTitle "playchess.com"]
[Source "ChessBase"]
[SourceQuality "1"]
[TimeControl "5400+30"]

1. d4 Nf6 2. c4 e6 3. Nc3 Bb4 4. e3 O-O 5. Bd3 d5 6. Nf3 dxc4 7. Bxc4 c5 8. O-O cxd4 9. exd4 Nc6 10. Bg5 h6 11. Bh4 b6 {[%emt 0:00:58] [#]} (11... Be7 $11) 12. Qa4 $1 $16 {[%emt 0:04:18] Hoping for Bxf6.} Bd7 ({Black should play} 12... Bb7) 13. Bb5 {[%emt 0:09:35] White has more active pieces.} (13. d5 $16 exd5 14. Nxd5) 13... Bxc3 $11 14. bxc3 {[%emt 0:00:13][%cal Oh4f6] And now Bxf6! would win.} Na5 15. Rab1 Bxb5 16. Qxb5 Rc8 17. Rfc1 Qd5 {[%emt 0:12:38] ...Qxb5 is the strong threat.} 18. Bxf6 Qxb5 19. Rxb5 gxf6 20. Kf1 Rc4 21. Ke2 Rfc8 22. Kd3 Ra4 23. Rc2 Nb7 24. Nd2 Nd6 25. Rb4 Ra3 (25... Rxb4 {simplifies} 26. cxb4 Rxc2 27. Kxc2 Kf8) 26. Rb3 Ra4 27. Rb4 Ra3 28. f3 f5 29. Rb3 Ra5 30. Rb4 Kf8 31. a4 e5 32. Nb3 Rd5 33. c4 e4+ 34. Kd2 (34. Ke2 $1 $14) 34... a5 $1 35. cxd5 (35. Rxb6 $2 {loses.} Nxc4+ (35... Rxc4 36. Rb8+ Ke7 37. Rb7+ Ke8 38. Rxc4 $14) 36. Rxc4 Rxc4 37. fxe4 fxe4 $19) 35... Rxc2+ 36. Kxc2 axb4 {[%emt 0:00:04][%mdl 4096] Endgame. KN-KN} 37. Nc1 Nc4 38. Kb3 Ne3 39. fxe4 fxe4 40. Kxb4 {[%emt 0:00:00] aiming for d6.} Nxd5+ (40... Ke7 $11 {keeps the balance.}) 41. Kb5 (41. Kc4 $16 Ne3+ 42. Kb5) 41... Ke7 {[%emt 0:22:11] The position is equal.} 42. Kc6 Nc3 43. Kxb6 {[%emt 0:00:00] [#] Threatens to win with a5.} Nxa4+ {[%emt 0:00:00] Weighted Error Value: White=0.19 (very precise) /Black=0.17 (very precise) .  Mistake:       	White=3     	Black=3      Inaccurate:     	White=2     	Black=4      OK:         	White=12    	Black=16     Best:        	White=3     	Black=2      Strong:       	White=1     	Black=1} 1/2-1/2

[Event "Israel-ch Youth U8-18 2024"]
[Site "Kfar Saba"]
[Date "2024.04.17"]
[Round "3.8"]
[White "Sternfeld, Tomer"]
[Black "Azoulay, Yehonatan"]
[Result "1/2-1/2"]
[ECO "A15"]
[WhiteElo "1866"]
[BlackElo "1987"]
[Annotator "TA"]
[PlyCount "69"]
[EventDate "2024.04.10"]
[EventType "swiss"]
[EventCountry "ISR"]
[SourceTitle "playchess.com"]
[Source "ChessBase"]
[SourceQuality "1"]
[TimeControl "5400+30"]

1. Nf3 Nf6 2. g3 g6 3. Bg2 Bg7 4. O-O O-O 5. c4 d6 6. d3 e5 7. a3 a5 8. Nc3 Re8 9. Ne1 {[%emt 0:04:25] The position is equal.} c6 10. e4 Ng4 11. h3 Nh6 12. Rb1 f5 13. f4 (13. b4 $14) 13... Bd7 ({Better is} 13... Nd7 $11) 14. Qc2 Qc8 (14... Na6 $11) 15. Kh2 Na6 16. b4 {[%emt 0:02:29] Wards off Nc5} axb4 17. axb4 Rb8 18. b5 Nc5 19. Be3 (19. fxe5 $1 $16 dxe5 20. Qf2 cxb5 21. Be3 (21. Nxb5 Rf8 $14) (21. cxb5 Be6 $11)) 19... Ne6 20. Qd2 exf4 21. gxf4 Qd8 22. Nf3 Rf8 (22... Ra8 $11) 23. d4 (23. e5 $14) 23... fxe4 $11 24. Nxe4 Nf5 {[%emt 0:00:51] Hoping for ...Nxe3.} 25. Bf2 d5 26. cxd5 cxd5 27. Nc3 Bh6 $36 {[%emt 0:02:27][%mdl 2048] Black is pushing.} 28. Nxd5 Nd6 $2 (28... Ne7 $11 29. Qa2 Ra8 (29... Nxd5 30. Qxd5 Bxf4+ 31. Kh1 $16) 30. Nxe7+ Qxe7) 29. Ne5 $2 (29. Bh4 $18) 29... Bxb5 30. Rfc1 Rxf4 $2 {[%emt 0:01:17] [#]} ({Much weaker is} 30... Nxf4 $6 31. Be3 g5 32. Ng4 $18) (30... Bxf4+ $11 31. Nxf4 Nxf4) 31. Be3 $2 {[%emt 0:00:48] White has more active pieces.} (31. Bg3 $1 $16 Qf8 (31... Ne4 $2 32. Qa2 $18) 32. Bxf4 Bxf4+ 33. Nxf4 Qxf4+ 34. Qxf4 Nxf4 35. Rc7) 31... Rxd4 32. Qf2 (32. Qa2 $1 $11 {keeps the balance.} Ra4 33. Qb3) 32... Bxe3 $17 33. Nxe3 {[%emt 0:00:21] [#]} Qg5 (33... Qf8 $1 $17 34. Qxf8+ Rxf8 35. Bxb7 Rd2+ 36. Bg2 Nf4) 34. Rxb5 $1 $11 Nxb5 $2 (34... Rf8 $1 $15 {stays ahead.} 35. Qa2 Re8 (35... Nxb5 36. Qxe6+ Kg7 37. Rc5 $11)) 35. Qa2 $4 {[%emt 0:00:41][%mdl 40960] Weighted Error Value: White=0.50/Black=0.57.  Loses game:     	---       	Black=2      Missed win:     	White=2     	---        Mistake:       	White=5     	Black=5      Inaccurate:     	White=2     	Black=4      OK:         	White=7     	Black=7      Best:        	---       	Black=3      Strong:       	White=1     	---       . An unexpected result.} (35. Qf7+ $18 Kh8 36. Qxe6) 1/2-1/2

[Event "Israel-ch Youth U8-18 2024"]
[Site "Kfar Saba"]
[Date "2024.04.17"]
[Round "3.9"]
[White "Magen, Ofek"]
[Black "Afek, Itay"]
[Result "0-1"]
[ECO "E67"]
[WhiteElo "1936"]
[BlackElo "1816"]
[Annotator "TA"]
[PlyCount "108"]
[EventDate "2024.04.10"]
[EventType "swiss"]
[EventCountry "ISR"]
[SourceTitle "playchess.com"]
[Source "ChessBase"]
[SourceQuality "1"]
[TimeControl "5400+30"]

1. d4 Nf6 2. c4 g6 3. Nc3 Bg7 4. Nf3 O-O 5. g3 d6 6. Bg2 Nbd7 7. O-O Re8 8. Re1 c6 9. Bd2 e5 10. e3 (10. dxe5 $11 dxe5 11. Ng5) 10... Qe7 (10... Nb6 $15 11. dxe5 dxe5) 11. Rc1 Nf8 {[%emt 0:01:32] [#]} 12. c5 $1 dxc5 13. Nxe5 Ne6 14. Ne2 Qc7 15. Nc4 Rd8 16. Bc3 Nd5 17. Qc2 Nxc3 18. bxc3 Bd7 19. Red1 Rab8 20. Nd2 cxd4 21. cxd4 Qa5 22. Nc4 Qh5 {[%emt 0:01:14] [#]} 23. Nd2 $2 {[%emt 0:05:11][%mdl 8192] This costs White the game.} Qxe2 $19 24. Bf3 Qb5 25. Rb1 Qg5 26. h4 Qe7 27. Ne4 f5 28. Nc3 Nc7 29. d5 Nxd5 30. Nxd5 cxd5 31. Bxd5+ Kh8 32. Bxb7 Be6 33. Bf3 Rxd1+ 34. Rxd1 Rc8 35. Qa4 Rc7 36. Rb1 Be5 37. Rb8+ Kg7 {[%emt 0:00:41] And now ...Rc1+ would win.} 38. Re8 Qf7 39. Rd8 {[%emt 0:00:36] Prevents Bd7} Bxa2 40. Kg2 Bc3 41. h5 Bc4 ({Don't take} 41... gxh5 42. Bxh5 Bd5+ (42... Qxh5 $2 43. Qxa2 Qf7 44. Qa4 $19) 43. Bf3 Bxf3+ 44. Kxf3 $19) 42. hxg6 hxg6 43. Qd1 Qe7 44. Rb8 a5 45. Ra8 Be6 46. Qa4 g5 {[%emt 0:02:04] ...g4 would now be deadly.} 47. e4 Rc4 48. Qb5 g4 49. Be2 Rxe4 50. Kh2 Bd7 51. Qb3 Rxe2 52. Qxc3+ Qe5 53. Qc1 Rxf2+ 54. Kh1 Qe4+ {[%emt 0:00:27] Weighted Error Value: White=0.93/Black=0.25 (precise) .  Loses game:     	White=1     	---        Mistake:       	White=1     	Black=1      Inaccurate:     	White=5     	Black=4      OK:         	White=5     	Black=17     Best:        	---       	Black=1} 0-1

[Event "Israel-ch Youth U8-18 2024"]
[Site "Kfar Saba"]
[Date "2024.04.17"]
[Round "3.10"]
[White "Gavriel, Adam"]
[Black "Shilon Rahav, Eliran"]
[Result "0-1"]
[ECO "A06"]
[WhiteElo "1699"]
[BlackElo "2116"]
[Annotator "TA"]
[PlyCount "114"]
[EventDate "2024.04.10"]
[EventType "swiss"]
[EventCountry "ISR"]
[SourceTitle "playchess.com"]
[Source "ChessBase"]
[SourceQuality "1"]
[TimeControl "5400+30"]

1. Nf3 d5 2. b3 c5 3. Bb2 Nc6 4. g3 d4 5. Bg2 g6 6. O-O Bg7 7. e3 e5 8. d3 {[%emt 0:03:55] The position is equal.} Nge7 9. Re1 O-O 10. Nbd2 f5 (10... Bg4 $15) 11. Ba3 (11. exd4 $11 exd4 12. Nc4) 11... b6 ({Better is} 11... dxe3 $15 12. fxe3 Nd5) 12. exd4 $11 exd4 13. Nc4 Bb7 14. Ng5 Qd7 15. Ne6 Rfe8 (15... Rf7 $11) 16. Qd2 (16. Bxc5 $1 $16 {Strongly threatening Nxg7.} bxc5 17. Nxc5) 16... Nd5 17. Nxg7 Kxg7 18. Rxe8 Rxe8 19. Re1 Rxe1+ 20. Qxe1 Nc3 21. Bc1 Kg8 $2 (21... Qe7 $11 22. Qxe7+ Nxe7) 22. Bf4 $2 (22. Bh6 $1 $18 {is the precise move to win.}) 22... Na5 23. Bxb7 Nxb7 24. a4 ({White should play} 24. Qe5 $16 Nd8 25. Bh6) 24... Nd8 $1 25. Qe5 Nf7 {[%emt 0:01:31] Prevents Bh6.} (25... Nc6 $1 $11 26. Qe1 Qe7 27. Qxe7 Nxe7) 26. Qb8+ $16 Kg7 27. Qc7 (27. Be5+ $16 Nxe5 28. Qxe5+ Kg8 29. a5) 27... Qe6 $2 (27... Qxc7 $11 {and Black stays safe.} 28. Bxc7 b5 29. axb5 Nxb5) 28. Ne5 (28. Qxa7 $18 {[%cal Oc4e5] and the rest is easy. Ne5! is the strong threat.} Nd5 29. a5 (29. Be5+ Kh6 $18) 29... bxa5 30. Kf1 (30. Qxa5 Nxf4 31. gxf4 Qe2 $11) (30. Qxc5 Qe1+ 31. Kg2 Nxf4+ 32. gxf4 Qc3 $18)) 28... g5 29. Nxf7 $1 $18 (29. Bxg5 $2 Qxe5 30. Qxa7 Qe6 $19) 29... Qxf7 30. Qxf7+ (30. Be5+ $1 $18 Kg6 31. Qd6+ Kh5 32. h3) 30... Kxf7 $16 31. Bxg5 $18 {[%emt 0:00:02][%mdl 4096] Endgame. KB-KN} b5 (31... a6 $16 32. Kf1 Ke6) 32. axb5 Ke6 33. Bf4 Nxb5 {[%emt 0:00:27] And now ...Na3 would win.} 34. Kf1 (34. Bc1 $16) 34... Na3 $1 $11 35. Bb8 $2 {[%emt 0:00:10] [#] Black converts the advantage convincingly.} (35. Bc1 $11 {and White has nothing to worry.} Nxc2 36. Bb2) 35... a6 $1 $19 36. Ke2 $2 (36. Ba7 Kd5 37. Bb6 Nxc2 $17) (36. Bc7) 36... Nxc2 37. Bc7 {[%emt 0:00:29] [#]} Na1 $1 38. Kd2 (38. Kd1 $142 Kd5 (38... Nxb3 39. Kc2 $11) 39. b4 cxb4 40. Ba5) 38... Kd5 (38... Nxb3+ 39. Kc2 Kd7 40. Bb6 $14) 39. f3 Nxb3+ 40. Kc2 c4 41. g4 fxg4 42. f4 Nc5 43. dxc4+ Kxc4 44. f5 Ne4 45. Bf4 d3+ 46. Kd1 a5 {[%emt 0:00:05] ( -> ...h5)} 47. Be5 Kd5 {[%emt 0:00:20] Black mates.} 48. f6 Ke6 (48... Kxe5 $2 49. f7 $18) 49. Bc7 a4 50. Be5 Nxf6 (50... Kxe5 51. f7 a3 (51... Nc3+ $2 52. Ke1 $18) 52. f8=Q $14 (52. f8=R $2 {loses.} a2 $19)) 51. Ba1 Ne4 52. Bb2 Kd5 53. Ba1 Kc4 54. Be5 a3 55. Kc1 a2 56. h3 Nc3 57. Kb2 d2 {[%emt 0:00:08] Weighted Error Value: White=1.09/Black=0.51.  Loses game:     	White=1     	Black=2      Missed win:     	White=1     	---        Mistake:       	White=9     	Black=6      Inaccurate:     	White=3     	Black=1      OK:         	White=5     	Black=4      Best:        	White=4     	Black=4      Strong:       	White=1     	Black=4} 0-1

[Event "Israel-ch Youth U8-18 2024"]
[Site "Kfar Saba"]
[Date "2024.04.17"]
[Round "3.11"]
[White "Vardi, Daniel"]
[Black "Triger, Eitan"]
[Result "1-0"]
[ECO "C77"]
[WhiteElo "1937"]
[BlackElo "1820"]
[Annotator "TA"]
[PlyCount "73"]
[EventDate "2024.04.10"]
[EventType "swiss"]
[EventCountry "ISR"]
[SourceTitle "playchess.com"]
[Source "ChessBase"]
[SourceQuality "1"]
[TimeControl "5400+30"]

1. e4 e5 2. Nf3 Nc6 3. Bb5 a6 4. Ba4 Nf6 5. d3 b5 6. Bb3 Bc5 7. a3 d6 8. h3 h6 9. Nc3 {[%emt 0:00:24] The position is equal.} Bb7 10. Be3 Nd4 11. Bxd4 Bxd4 12. Nxd4 exd4 13. Ne2 c5 14. O-O O-O 15. f4 d5 (15... Qc7 $11) 16. e5 $16 Nd7 17. c3 dxc3 18. bxc3 Rc8 19. d4 cxd4 20. cxd4 Nb6 21. Qd3 (21. f5 $16) 21... f5 $14 22. Rf3 {[%emt 0:08:14] White is more active.} Rc7 23. Bc2 Bc8 24. Rg3 Be6 25. Rf1 Qc8 26. Bb1 Na4 27. Rg6 Kh7 28. Rg4 Nb2 29. Qg3 Nc4 30. Rd1 {[%emt 0:02:22][%cal Bf1d1,Bd1d3,Bd3g3][%mdl 32] Prevents Nd2.} Rff7 31. Rh4 (31. Qf3 $11 {remains equal.}) 31... Qf8 $17 32. Rd3 Rb7 (32... a5 $17 {And now ...a4 would win.} 33. Kh2 b4 34. axb4 Qxb4) 33. Qg5 Qe7 $2 {[%emt 0:09:42][%mdl 8192] [#]} (33... Rb6 $17 34. Rg3 Nxa3 35. Qg6+ Kh8) 34. Rg3 $18 {[%emt 0:00:49][%cal Oh4h6] Rxh6+! would kill now.} Qxg5 (34... Rb8 $16) 35. fxg5 {[%emt 0:00:18][%cal Bf4g5,Bg5h6][%mdl 32] White is clearly winning.} Rf8 36. Nf4 Bc8 37. gxh6 {[%emt 0:00:16] Weighted Error Value: White=0.21 (precise) /Black=0.46.  Loses game:     	---       	Black=2      Mistake:       	White=2     	Black=2      Inaccurate:     	White=5     	Black=1      OK:         	White=8     	Black=10     Best:        	White=2     	---} 1-0

[Event "Israel-ch Youth U8-18 2024"]
[Site "Kfar Saba"]
[Date "2024.04.17"]
[Round "3.12"]
[White "Dorfman, Michael"]
[Black "Gurevich, Neria"]
[Result "0-1"]
[ECO "B24"]
[WhiteElo "1716"]
[BlackElo "1844"]
[Annotator "NA RC COMBH"]
[PlyCount "36"]
[EventDate "2024.04.10"]
[EventType "swiss"]
[EventCountry "ISR"]
[SourceTitle "playchess.com"]
[Source "ChessBase"]
[SourceQuality "1"]
[TimeControl "5400+30"]

1. e4 c5 2. Nf3 e6 3. d4 cxd4 4. Nxd4 Nf6 5. Nc3 Nc6 6. g3 d5 7. exd5 exd5 8. Bg2 Bg4 9. Nce2 Bc5 10. c3 O-O 11. Be3 Re8 12. Qd2 Bxe2 13. Nxe2 Bxe3 14. fxe3 Ne5 15. O-O Nc4 16. Qc1 Nxe3 17. Re1 Nxg2 18. Kxg2 Qb6 0-1

[Event "Israel-ch Youth U8-18 2024"]
[Site "Kfar Saba"]
[Date "2024.04.17"]
[Round "3.13"]
[White "Cohen, Israel"]
[Black "Ben-Haim, Harel"]
[Result "0-1"]
[ECO "B22"]
[WhiteElo "1763"]
[BlackElo "1513"]
[Annotator "NA RC COMBH"]
[PlyCount "98"]
[EventDate "2024.04.10"]
[EventType "swiss"]
[EventCountry "ISR"]
[SourceTitle "playchess.com"]
[Source "ChessBase"]
[SourceQuality "1"]
[TimeControl "5400+30"]

1. e4 c5 2. c3 e6 3. d4 d5 4. dxc5 Bxc5 5. exd5 exd5 6. Nf3 Nf6 7. Bg5 O-O 8. Be2 Bxf2+ 9. Kf1 Bb6 10. Bxf6 Qxf6 11. Qxd5 Nc6 12. Na3 Be6 13. Qg5 Qxg5 14. Nxg5 Rad8 15. Ke1 Bf5 16. Nc4 Rfe8 17. Kf1 Rxe2 18. Kxe2 Bd3+ 19. Kf3 Bxc4 20. Rhe1 f6 21. Ne4 Ne5+ 22. Kg3 Bc7 23. Kh4 g5+ 24. Nxg5 fxg5+ 25. Kxg5 Kg7 26. b3 Be6 27. Rad1 h6+ 28. Kh4 Ng6+ 29. Kh5 Nf4+ 30. Kh4 Nxg2+ 31. Kh5 Rxd1 32. Rxd1 Bg4+ 33. Kxg4 Ne3+ 34. Kf3 Nxd1 35. c4 Bxh2 36. Ke4 h5 37. Kf3 h4 38. Kg4 Bg3 39. Kh3 Kg6 40. Kg2 Kg5 41. Kh3 Nf2+ 42. Kg2 Kg4 43. c5 h3+ 44. Kf1 h2 45. Ke2 h1=Q 46. Kd2 Qd1+ 47. Kc3 Qd3+ 48. Kb2 Be5+ 49. Ka3 Qa6+ 0-1

[Event "Israel-ch Youth U8-18 2024"]
[Site "Kfar Saba"]
[Date "2024.04.17"]
[Round "3.14"]
[White "Ronin, Ilan"]
[Black "Arolovich, Eliav"]
[Result "1-0"]
[ECO "B21"]
[WhiteElo "1555"]
[BlackElo "1461"]
[Annotator "NA RC COMBH"]
[PlyCount "47"]
[EventDate "2024.04.10"]
[EventType "swiss"]
[EventCountry "ISR"]
[SourceTitle "playchess.com"]
[Source "ChessBase"]
[SourceQuality "1"]
[TimeControl "5400+30"]

1. e4 c5 2. d4 cxd4 3. c3 dxc3 4. Nxc3 d6 5. Nf3 Nf6 6. Bc4 Nc6 7. e5 dxe5 8. Qxd8+ Kxd8 9. Ng5 Be6 10. Bxe6 fxe6 11. Nf7+ Ke8 12. Nxh8 Nb4 13. O-O Rd8 14. Bg5 a6 15. Na4 Ne4 16. Be3 Nd3 17. f3 Nf6 18. Nc5 Nxc5 19. Bxc5 g5 20. Bb6 Rd5 21. Rac1 Kd7 22. Nf7 h6 23. Rfd1 Bg7 24. Nxe5+ 1-0

[Event "Israel-ch Youth U8-18 2024"]
[Site "Kfar Saba"]
[Date "2024.04.17"]
[Round "3.15"]
[White "Roth, Elai"]
[Black "Blekh, Erik"]
[Result "1/2-1/2"]
[ECO "B13"]
[WhiteElo "1537"]
[BlackElo "1696"]
[Annotator "NA RC COMBH"]
[PlyCount "83"]
[EventDate "2024.04.10"]
[EventType "swiss"]
[EventCountry "ISR"]
[SourceTitle "playchess.com"]
[Source "ChessBase"]
[SourceQuality "1"]
[TimeControl "5400+30"]

1. e4 c5 2. c3 Nf6 3. e5 Nd5 4. d4 cxd4 5. cxd4 d6 6. exd6 Qxd6 7. Nc3 Nc6 8. Nf3 Bg4 9. Be2 e6 10. O-O Be7 11. h3 Bh5 12. Nxd5 Qxd5 13. Qd3 Bg6 14. Qb5 Qxb5 15. Bxb5 O-O 16. Bf4 Be4 17. Bxc6 Bxc6 18. Ne5 Bd5 19. Rfd1 Rfd8 20. Rac1 Rac8 21. b3 Ba3 22. Rxc8 Rxc8 23. Rd3 Bb4 24. Rd1 Rc2 25. Rc1 Be4 26. f3 Rxc1+ 27. Bxc1 Bb1 28. a3 Bc3 29. Be3 a5 30. Nc4 Ba2 31. Nd2 b6 32. Nc4 a4 33. Nxb6 axb3 34. Na4 Ba1 35. Bc1 Bxd4+ 36. Kh1 Kf8 37. Bb2 Bxb2 38. Nxb2 Ke7 39. Kg1 Kd6 40. Kf2 Bb1 41. Ke3 Bc2 42. Kd4 1/2-1/2